Cogmind - Beta 16.1 @@@ ROGUE MODE // 2026.03.27 @ 14:26:25 Player: H3-MLN Result: Destroyed by M4-CSF(R) with Subdweller Machine Gun Performance ------------- Evolutions (0) 0 Regions Visited (2) 400 Robots Destroyed (32) 160 Value Destroyed (869) 869 Prototype IDs (0) 0 Alien Tech Used (0) 0 Bonus (0) 0 TOTAL SCORE: 1429 Bonus ------- None Cogmind --------- Core Integrity 0/250 Matter 277/300 Energy 220/250 System Corruption 0% Temperature Cool (48) Movement Treading (560) Ox5 Location -10/Subcaves Parts ------- > --- POWER (1) -------- Ion Engine > --- PROPULSION (2) --- Light Treads Subdweller Monowheel > --- UTILITY (2) ------ Huge Storage Unit Makeshift Kinetic Plating > --- WEAPON (2) ------- Subdweller Beam Cannon Subdweller Machine Gun > --- INVENTORY (25) --- Subdweller Power Source Light Treads Arachnoskeleton Wheel Compact Wheel Medium Storage Unit Medium Matter Pod (100) Scrap Shield Scrap Shield Hacking Suite Makeshift System Restoration Module Subdweller Laser Subdweller Laser Assault Rifle Battle Rifle Subdweller Machine Gun Grenade Launcher Subdweller Shrapnel Launcher Datajack Flail Peak State ------------ > --- POWER ------------ Ion Engine > --- PROPULSION ------- Light Treads Subdweller Monowheel > --- UTILITY ---------- Huge Storage Unit Makeshift Kinetic Plating > --- WEAPON ----------- Subdweller Beam Cannon Subdweller Machine Gun > --- INVENTORY -------- Subdweller Power Source Light Treads Arachnoskeleton Wheel Compact Wheel Subdweller Monowheel Medium Storage Unit Medium Matter Pod Scrap Shield Scrap Shield Hacking Suite Makeshift System Restoration Module Subdweller Laser Subdweller Laser Subdweller Beam Cannon Assault Rifle Battle Rifle Grenade Launcher Subdweller Shrapnel Launcher Datajack Flail [Rating: 19] Favorites ----------- Power Ion Engine Engine Ion Engine Propulsion Light Treads Treads Light Treads Wheel Compact Wheel Utility Huge Storage Unit Device Seismic Detector Storage Huge Storage Unit Protection Makeshift Kinetic Plating Weapon Subdweller Beam Cannon Energy Gun Heavy EM Pulse Gun Energy Cannon Subdweller Beam Cannon Ballistic Gun Subdweller Machine Gun Launcher Grenade Launcher Build | -11 -10 -10 ------- Run | Yrd Mat Sub Slots Evolved . | . . . Power . | . . . Propulsion . | . . . Utility . | . . . Weapon . | . . . Parts Attached 35 | 8 10 17 Power 3 | 1 . 2 Engine 3 | 1 . 2 Core . | . . . Reactor . | . . . Propulsion 12 | 2 3 7 Treads 5 | 1 2 2 Leg . | . . . Wheel 7 | 1 1 5 Hover . | . . . Flight . | . . . Utility 7 | 3 2 2 Device 2 | 2 . . Storage 4 | 1 2 1 Processor . | . . . Hackware . | . . . Protection 1 | . . 1 Artifact . | . . . Weapon 13 | 2 5 6 Energy Gun 7 | 2 4 1 Energy Cannon 2 | . . 2 Ballistic Gun 3 | . . 3 Ballistic Cannon . | . . . Launcher 1 | . 1 . Special Weapon . | . . . Impact Weapon . | . . . Slashing Weapon . | . . . Piercing Weapon . | . . . Special Melee Weapon . | . . . Unidentified Prototypes . | . . . Parts Lost 7 | . 1 6 Power 2 | . . 2 Propulsion . | . . . Utility 1 | . . 1 Weapon 4 | . 1 3 Highest Loss Streak 2 | . 1 2 To Critical Strikes . | . . . Average Backups 16 | 3 8 18 Power 1 | . 1 2 Propulsion 4 | 1 1 4 Utility 4 | . . 5 Weapon 4 | 1 4 5 Tool/Special . | . . . Unused Backups 20 | . 5 15 Power 2 | . . 2 Propulsion 5 | . 3 2 Utility 5 | . . 5 Weapon 7 | . 2 5 Tool/Special 1 | . . 1 Average Slot Usage (%) 99 | . 100 99 Engine 13 | . 14 13 Treads 14 | . 14 14 Wheel 13 | . 14 13 Device 3 | . 14 . Storage 21 | . 14 24 Protection 2 | . . 3 Energy Gun 8 | . 27 2 Energy Cannon 9 | . . 12 Ballistic Gun 9 | . . 12 Peak Build Rating 19 | 9 10 19 Average Rating 12 | 6 9 13 On Entrance 5 | . 7 10 Avg Prop Armor Cover (%) 12 | 15 11 12 Naked Turns . | . . . Heaviest Build 104 | 14 92 104 Greatest Support 20 | 16 20 20 Greatest Overweight (x) 10 | . 5 10 Average Overweight (x) 4 | . 1 5 Largest Inventory Capacity 25 | 8 25 25 Average Capacity 21 | 7 11 25 Most Carried 25 | 7 13 25 Average Carried 18 | 4 8 21 Final Capacity 25 | 8 25 25 Final Carried 24 | 6 13 24 Class Distribution -------------------- 100% | Mutant Dominant Class ---------------- Mutant | -10/Materials Mutant | -10/Subcaves Resources | -11 -10 -10 ----------- Run | Yrd Mat Sub Matter Collected 696 | 280 199 217 Remotely . | . . . Salvage Created 1224 | 130 621 473 Parts 67 | 12 38 17 Haulers Intercepted 2 | . 2 . Recyclers Shooed 1 | 1 . . Parts Field Recycled . | . . . Retrieved Matter . | . . . Parts Self-Destructed 10 | . . 10 Prevented 2 | . . 2 Parts Restored . | . . . Kills | -11 -10 -10 ------- Run | Yrd Mat Sub Combat Hostiles Destroyed 20 | . 11 9 Guns 12 | . 8 4 Cannons 4 | . . 4 AOE 3 | . 3 . Classes Destroyed 10 | 2 6 2 Builder 1 | . 1 . Tunneler 3 | 3 . . Hauler 2 | . 2 . Recycler 2 | 1 1 . Operator 1 | . 1 . Watcher 3 | . 3 . Swarmer 3 | . 3 . Grunt 8 | . 8 . Sentry 1 | . . 1 Subdweller 8 | . . 8 Best Kill Streak 4 | 4 3 2 Combat Bots Only 3 | . 3 2 Max Kills in Single Turn 2 | 1 2 1 Gunslinging . | . . . Exploded 2 | . 2 . Melee . | . . . Uniques/NPCs Destroyed . | . . . Combat | -11 -10 -10 -------- Run | Yrd Mat Sub Hostile Shots Fired 76 | . 28 48 Missed 16 | . 6 10 Hits 60 | . 22 38 Projectile 60 | . 22 38 Critical Strikes 2 | . . 2 Damage Taken 1161 | . 316 845 Core 260 | . 41 219 Absorbed by Shields . | . . . Ignored by Resistances 26 | . . 26 Regen/Repaired (Parts) 2 | . 2 . Core Remaining (%) 100 | 100 . . Volleys Fired 97 | 6 41 50 Largest 2 | 1 2 2 Hottest 90 | 40 90 90 Shots Fired 150 | 6 80 64 Gun 116 | 6 78 32 Cannon 32 | . . 32 Launcher 2 | . 2 . Special . | . . . Kinetic 6 | . . 6 Thermal 40 | 6 . 34 Explosive 2 | . 2 . Electromagnetic 102 | . 78 24 Robot Hit Streak 9 | 6 9 8 Robot Miss Streak 3 | . 3 3 Penetration Max . | . . . Secondary Targets 1 | . . 1 Max Gunslinging Chain 1 | . . 1 Shots Hit Robots 89 | 6 40 43 Core Hits 39 | 5 21 13 Critical Kills 1 | . . 1 Critical Parts Destroyed . | . . . Critical Strikes 3 | . 1 2 Burn 1 | . . 1 Meltdown 1 | . . 1 Corrupt 1 | . 1 . Melee Attacks . | . . . Impact . | . . . Slashing . | . . . Piercing . | . . . Sneak Attacks . | . . . Combat Hostiles . | . . . Follow-up Attacks . | . . . Damage Inflicted 2073 | 69 1074 930 Guns 987 | 69 738 180 Cannons 750 | . . 750 Explosions 336 | . 336 . Melee . | . . . Ramming . | . . . Kinetic . | . . . Thermal 986 | 69 155 762 Explosive 181 | . 181 . Electromagnetic 906 | . 738 168 Impact . | . . . Slashing . | . . . Piercing . | . . . Highest Corruption . | . . . Average Corruption . | . . . Corruption Purged . | . . . Corruption Blocked . | . . . Overload Shots . | . . . Overflow Damage 6 | . 6 . Projectiles . | . . . Explosions 6 | . 6 . Melee . | . . . Knockbacks . | . . . Impact . | . . . Kinetic . | . . . Secondary . | . . . Self-Inflicted Damage 46 | . 46 . Shots 2 | . 2 . Rammed . | . . . Targets Rammed . | . . . Kicked . | . . . Crushed . | . . . Highest Temperature 258 | . 258 60 Average Temperature 50 | . 61 18 Received Heat Transfer 321 | . 141 180 Effects 2 | . 2 . Interference 2 | . 2 . Siege Activations . | . . . Martial Activations . | . . . Shielding Activations . | . . . Robots Disrupted . | . . . Combat Hostiles . | . . . Robots Corrupted . | . . . Combat Hostiles . | . . . Parts Fried 4 | . 4 . Impact Corruptions . | . . . Robots Melted 1 | . . 1 Combat Hostiles 1 | . . 1 Parts Melted 3 | . . 3 Heat Transferred 1510 | 150 250 1110 Parts Sabotaged . | . . . Parts Stolen . | . . . Parts Stripped . | . . . Power Chain Reactions 4 | . 4 . Alert | -11 -10 -10 ------- Run | Yrd Mat Sub Maximum Alert Level 1 | . 1 . Low Security (%) 76 | 100 74 . Level 1 23 | . 26 . Level 2 . | . . . Level 3 . | . . . Level 4 . | . . . Level 5 . | . . . High Security . | . . . Max Security . | . . . Peak Influence 246 | 10 246 . Initial . | . . . Average 136 | 1 152 . Influence Increases 507 | 20 467 20 Destroy 0b10 Robot/C 240 | . 220 20 Destroy 0b10 Robot/NC 60 | 20 40 . Destroy Leader 50 | . 50 . Successful Hack 19 | . 19 . Disable Machine 105 | . 105 . Destroy Structure 18 | . 18 . Lose Combat Pursuer 15 | . 15 . Influence Decreases 507 | 20 352 135 Entered New Map 56 | . . 56 Time Decay 421 | 20 342 59 Lost Part 30 | . 10 20 Squads Dispatched 1 | . 1 . Investigation . | . . . Extermination . | . . . Reinforcement 1 | . 1 . Assault . | . . . Garrison . | . . . Intercept . | . . . Searches Triggered . | . . . Construction Impeded . | . . . Haulers Reinforced . | . . . Active Scanning Responses . | . . . Cargo Convoy Interrupts . | . . . Stealth | -11 -10 -10 --------- Run | Yrd Mat Sub Distress Signals 2 | . 2 . Communications Jammed . | . . . Distress Signals . | . . . Times Spotted 29 | . 19 10 Peak Tracking Total 4 | . 4 2 Tactical Retreats 1 | . 1 . Traps | -11 -10 -10 ------- Run | Yrd Mat Sub Traps Triggered 2 | . 1 1 Indirectly . | . . . Trap Hack Attempts . | . . . Triggered . | . . . Disarmed . | . . . Reprogrammed . | . . . Reused . | . . . Traps Extracted . | . . . Installed 1 | . . 1 Triggered . | . . . Machines | -11 -10 -10 ---------- Run | Yrd Mat Sub Machines Disabled 7 | . 7 . Max in Single Turn 2 | . 2 . Machines Repaired . | . . . Machines Dismantled . | . . . Machines Sabotaged . | . . . Overloaded Fab Kills . | . . . Hacking | -11 -10 -10 --------- Run | Yrd Mat Sub Machines Accessed 6 | . 5 1 Terminals 3 | . 3 . Fabricators . | . . . Repair Stations 1 | . 1 . Recycling Units 1 | . 1 . Scanalyzers . | . . . Garrison Access . | . . . Total Hacks 20 | . 15 5 Successful 11 | . 6 5 Failed 9 | . 9 . Catastrophic . | . . . Database Lockouts . | . . . Manual 9 | . 9 . Terminals 11 | . 11 . Fabricators . | . . . Repair Stations 2 | . 2 . Recycling Units 2 | . 2 . Scanalyzers . | . . . Garrison Access . | . . . Terminal Hacks 8 | . 3 5 Record 5 | . . 5 Part Schematic 1 | . 1 . Robot Analysis 2 | . 2 . Fabricator Hacks . | . . . Repair Station Hacks 2 | . 2 . Scan Component 1 | . 1 . Repair 1 | . 1 . Recycling Unit Hacks 1 | . 1 . Report Inventory 1 | . 1 . Scanalyzer . | . . . Garrison Access Hacks . | . . . Unauthorized Hacks . | . . . Terminals . | . . . Fabricators . | . . . Repair Stations . | . . . Recycling Units . | . . . Scanalyzers . | . . . Garrison Access . | . . . Data Cores Recovered . | . . . Used . | . . . Hacking Detections 5 | . 5 . Full Trace Events . | . . . Feedback Events . | . . . Feedback Blocked . | . . . Robot Schematics Acquired . | . . . Robots Built . | . . . Authchips . | . . . Time . | . . . Total Robot Build Rating . | . . . Part Schematics Acquired 1 | . 1 . Parts Built . | . . . Authchips . | . . . Time . | . . . Total Part Build Rating . | . . . Part Studies Acquired . | . . . Parts Repaired 1 | . 1 . Time 53 | . 53 . Parts Recycled . | . . . Recycled Matter . | . . . Retrieved Matter . | . . . Retrieved Components . | . . . Parts Scanalyzed . | . . . Part Schematics Acquired . | . . . Parts Damaged . | . . . Bothacking | -11 -10 -10 ------------ Run | Yrd Mat Sub Used RIF Installer . | . . . Robots Hacked . | . . . Non-combat . | . . . Combat . | . . . Robot Hacks Applied . | . . . Relay Couplers Released . | . . . Fabnet Peak Effective % . | . . . Robots Rewired . | . . . Allies Hacked . | . . . Hacks Repelled . | . . . Allies | -11 -10 -10 -------- Run | Yrd Mat Sub Total Allies . | . . . Largest Group . | . . . Highest-Rated Group . | . . . Highest-Rated Ally . | . . . Total Orders . | . . . Ally Attacks . | . . . Total Damage . | . . . Kills . | . . . Allies Corrupted . | . . . Allies Melted . | . . . Intel | -11 -10 -10 ------- Run | Yrd Mat Sub Active Infowar (turns) 886 | 49 787 50 Terrain 35 | 35 . . Seismic 851 | 14 787 50 Robot Analysis Total 2 | . 2 . Derelict Logs Recovered . | . . . Drone Launches . | . . . Drone Recoveries . | . . . Exploration | -11 -10 -10 ------------- Run | Yrd Mat Sub Turns Passed 3418 | 91 800 2527 Spaces Moved 1587 | 61 442 1084 Core 3 | 3 . . Treads 5 | . 4 1 Legs . | . . . Wheels 1579 | 58 438 1083 Hover . | . . . Flight . | . . . Fastest Speed 50 | 50 100 150 Average Speed 162 | 97 125 180 Slowest Speed 560 | 100 175 560 Overloaded Moves . | . . . Propulsion Burnouts . | . . . Robots Hopped . | . . . Potential Cave-ins . | . . . Cave-ins Triggered . | . . . Exploration Rate (%) 44 | 3 65 64 Regions Visited 2 Branch Regions 1 Pre-discovered Areas 1 | . . 1 Known Exits Taken . | . . . Unknown Exits Taken 2 | 1 1 . Scrap Searched 6 | . . 6 Spaces Dug . | . . . Terrain Destroyed 18 | . 17 1 Melee . | . . . Projectile 1 | . . 1 AOE 17 | . 17 . Terrain Rammed . | . . . Walls Destroyed . | . . . Machines Disabled . | . . . Actions | -11 -10 -10 --------- Run | Yrd Mat Sub Total 2284 | 83 611 1590 Wait 501 | 1 90 410 Move 1585 | 60 441 1084 Hop . | . . . Pick Up 39 | 7 14 18 Fast Attach 10 | 7 2 1 Attach 8 | . 2 6 Detach . | . . . Swap 21 | 1 9 11 Drop 22 | 1 12 9 Fire 97 | 6 41 50 Melee . | . . . Ram . | . . . Kick . | . . . Crush . | . . . Escape Stasis . | . . . Rewire . | . . . Trap 1 | . . 1 Miscellaneous . | . . . Route ------- -11/Scrapyard -10/Materials (discovered 3 exits: [*Mat x2] / *Sub) -10/Subcaves (discovered 2 exits: [*Mat x2]) History --------- Turn | Location | Event 6 | -11/Scrapyard | Discovered new exit (range 15) 92 | -11/Scrapyard | Entered Materials 327 | -10/Materials | Build established: Mutant 366 | -10/Materials | Discovered new exit (range 15) 495 | -10/Materials | Discovered new exit (range 8) 651 | -10/Materials | Discovered new exit (range 9) 727 | -10/Materials | Repaired Corrupted Hacking Suite 892 | -10/Materials | Entered Subcaves 893 | -10/Subcaves | Ambushed by Subdwellers from Twisted Machinery 893 | -10/Subcaves | Approached by a straggling Scientist 1084 | -10/Subcaves | Core integrity fell below 50% 1559 | -10/Subcaves | Discovered new exit (range 14) 1720 | -10/Subcaves | Visited Clippyterm 1726 | -10/Subcaves | Learned location of Deep Caves (-6) 1726 | -10/Subcaves | Learned Factory trap positions 2467 | -10/Subcaves | Discovered new exit (range 7) 2477 | -10/Subcaves | Shifting Twisted Machinery released Flamer 2540 | -10/Subcaves | Shifting Twisted Machinery released Sub. Shrapnel Launcher 2602 | -10/Subcaves | A Subdweller sparked back to life 2620 | -10/Subcaves | Found Prototype Leg 2766 | -10/Subcaves | Disturbed a concealed Subdweller 2943 | -10/Subcaves | Disturbed a concealed Subdweller 3286 | -10/Subcaves | Shifting Twisted Machinery released Sub. Machine Gun 3400 | -10/Subcaves | Core integrity fell below 20% 3419 | -10/Subcaves | Destroyed by M4-CSF(R) with Subdweller Machine Gun Last Messages --------------- 02932_ Searching scrap... 02932_ Found Sub. Machine Gun. 02932_ Found Shrapnel Trap. 02932_ Found 62 Matter. 02943_ YC-GPY(R) angrily emerges from the Twisted Machinery. 02943_ Ion Engine destroyed. 02950_ YC-GPY(R) affixes Scrap Shield Fragment to Scrap Shield. 02955_ YC-GPY(R) destroyed. 02962_ Acquired Sub. Laser. 02963_ Acquired 10 matter. 02974_ Installed Shrapnel Trap. 03051_ Sub. Monowheel shoots sparks and powers down. 03054_ Dropped Broken Sub. Monowheel. Sub. Machine Gun falls loose from the Twisted Machinery. 03354_ VK-IWN(R) destroyed. 03357_ Acquired 34 matter. 03362_ Dropped Broken Sub. Monowheel. 03362_ Acquired Sub. Monowheel. 03366_ Extracted 11 energy. 03401_ Sub. Beam Cannon destroyed. Map ----- +----------------------------------------------------+ | ?????????????????????????????????????????????????? | | ?????????????????????????????????????????????????? | | ?????????????????????????????????????????????????? | | ?????????????????????????????????????????????????? | | ?????????????????????????????????????????????????? | | ?????????????????????????????????????????????????? | | ?????????????????????????????????????????????????? | | ????????????????????????????????????????????????## | | ???????????????????????????????????????????????## | | ???????????????????????????????????????###?????# | | ???????????????????????????? ##???????## ##????### | | ???????????????????????????? "" ?????## #??##### | | ????????????????????????????#" ##??## #???# # | | ?????????????????????????????# ?##" ##### | | ????????????? ????????????????# ##""" ## | | ???????????? ######?????????#"" """ | | ???????????? #????????#""""" ## | | ???????????? ####?????#""# #### ## | | ?????????????# "###???? ### #??#### | | ??????????????# """ ##??? #?## #?????# | | ??????????????# """ ""#???# ##?# #???? | | ??????????????# "" "" ##### #?# ##??? | | ?????????????# ## " ## ## ##?## #???? | | ?????????????????## ##### == #?## ##??? | | ??????????????????##????##R ##!# #?# ## | | ????????????????????????#@ ## #### ### | | ????????????????????????## #### ### ##?# | | ?????????????????????????# #??# ##??? | | ?????????????????????????### #?# ##???? | | ???????????????????????????####?# # #### ##????? | | ????????????????????????????????######???###?????? | | ?????????????????????????????????????????????????? | | ?????????????????????????????????????????????????? | | ?????????????????????????????????????????????????? | | ?????????????????????????????????????????????????? | | ?????????????????????????????????????????????????? | | ?????????????????????????????????????????????????? | | ?????????????????????????????????????????????????? | | ?????????????????????????????????????????????????? | | ?????????????????????????????????????????????????? | | ?????????????????????????????????????????????????? | | ?????????????????????????????????????????????????? | | ?????????????????????????????????????????????????? | | ?????????????????????????????????????????????????? | | ?????????????????????????????????????????????????? | | ?????????????????????????????????????????????????? | | ?????????????????????????????????????????????????? | | ?????????????????????????????????????????????????? | | ?????????????????????????????????????????????????? | | ?????????????????????????????????????????????????? | +----------------------------------------------------+ Best States ------------- Heat Dissipation 25 Energy Generation 10 Energy Capacity 450 Matter Stores 300 Matter Capacity 300 Sight Range 16 Terrain Scan Range 16 Terrain Scan Density 10 Armor Coverage 100 Resistance: KI 10 Evasion (%) 40 Recoil Reduction 2 Item Schematics ----------------- Huge Storage Unit | -10/Materials | Hacked Robot Schematics ------------------ None Fabricated ------------ Nothing Repaired ---------- Hacking Suite | 80% | -10/Materials | Corrupted Studied --------- None Alien Tech Used ----------------- None Achievements -------------- None Challenges ------------ None Game ------ Seed AuthchipGrenadeActivator Manual? 0 Play Time 00:19:51 Cumulative 1411.0 hours Start 2026.03.27 @ 14:04:34 End 2026.03.27 @ 14:26:25 Sessions 1 Manual Loads 0 Difficulty Rogue Special Mode None Game No. 467 Rogue 460 Adventurer 4 Explorer 3 Win Type - Total 40 Types 19/5/2/2/1/2/4/1/2/2 Lore% 97 Gallery% 94 Achievement% 87 Wizard Run 0 Options --------- Layout 0 ASCII 0 Keyboard 0 Movement Numpad Keybinds 0 Fullscreen 2 Font 18/Terminus Map View 76x50 Zoom Use 0% Tactical HUD 1 Map Filters NONE Filters NONE Steam 1 RUN: b3336dbb-b583-4178-85c9-cdeb1a4acfdc